 Dungeon Crawl Stone Soup version 0.22-a0-512-g0943f25 (webtiles) character file.

1001 CougarLife the Grappler (level 8, -1/79 HPs)
             Began as a Troll Monk on June 19, 2018.
             Slain by Pikel
             ... wielding a +0 whip of freezing
              (3 damage)
             ... on level 6 of the Dungeon.
             The game lasted 00:07:47 (4184 turns).

CougarLife the Grappler (Troll Monk)                Turns: 4184, Time: 00:07:47

Health: -1/79      AC:  5    Str: 21    XL:     8   Next: 0%
Magic:  7/7        EV: 11    Int:  7    God:
Gold:   148        SH:  3    Dex: 12    Spells: 7/7 levels left

rFire    + . .     SeeInvis .     - Unarmed
rCold    . . .     Gourm    +   (no shield)
rNeg     . . .     Faith    .   a - +0 robe
rPois    .         Spirit   .   (helmet restricted)
rElec    .         Reflect  +   (no cloak)
rCorr    .         Harm     .   (gloves unavailable)
MR       .....                  (boots unavailable)
Stlth    ++........             i - +3 amulet of reflection
HPRegen  0.63/turn              o - ring of protection from fire
MPRegen  0.10/turn              (no ring)

@: no status effects
A: large, unfitting armour, claws 3, fast metabolism 3, gourmand, regeneration
1, shaggy fur 1, tough skin 2
a: no special abilities


You were on level 6 of the Dungeon.
You were completely stuffed.

You visited 2 branches of the dungeon, and saw 7 of its levels.

You collected 236 gold pieces.
You spent 88 gold pieces at shops.

Inventory:

Missiles
 k - 8 javelins
 r - a javelin of penetration (quivered)
Armour
 a - a +0 robe (worn)
Jewellery
 i - a +3 amulet of reflection (around neck)
 o - a ring of protection from fire (left claw)
 v - an uncursed amulet of magic regeneration {unknown}
Wands
 g - a wand of flame (37)
 t - a wand of digging (13)
Scrolls
 d - a scroll of fear
 e - a scroll of fog
 j - 2 scrolls of blinking
 m - a scroll of enchant armour
 p - 2 scrolls of teleportation
 s - a scroll of immolation {unknown}
 u - 2 scrolls of amnesia {unknown}
 y - a scroll of remove curse {unknown}
Potions
 c - a potion of heal wounds
 f - 2 potions of lignification {unknown}
 h - 2 potions of haste {unknown}
 l - a potion of berserk rage {unknown}
 n - 3 potions of curing
 q - a potion of flight {unknown}
 w - a potion of brilliance {unknown}
 x - a potion of degeneration {unknown}
Comestibles
 b - 11 rations
 z - 7 chunks of flesh


   Skills:
 + Level 4.9 Fighting
 - Level 3.0 Dodging
 - Level 1.0 Stealth
 - Level 8.0 Unarmed Combat


You had 7 spell levels left.
You didn't know any spells.
Your spell library contained the following spells:

 Spells                   Type           Power        Failure   Level  Hunger
 Confuse                  Hex            #.......     80%         3    ####...
 Tukima's Dance           Hex            #.......     80%         3    ####...
 Ensorcelled Hibernation  Hex/Ice        #.....       56%         2    ###....
 Corona                   Hex            #......      43%         1    ##.....
 Dazzling Spray           Conj/Hex       #.....       80%         3    ####...


Dungeon Overview and Level Annotations

Branches:
Dungeon (6/15)             Temple (1/1) D:5

Altars:
Cheibriados
Dithmenos
Elyvilon
Fedhas
Gozag
Kikubaaqudgha
Makhleb
Nemelex Xobeh
Okawaru
Qazlal
Ru
Sif Muna
Trog
Uskayaw
Vehumet
Wu Jian
Xom
Yredelemnul
Zin
The Shining One

Shops:
D:5 [[

Annotations:
D:6 Pikel


Innate Abilities, Weirdness & Mutations

You are too large for most types of armour.
You have claws for hands.
Your metabolism is lightning-fast.
You like to eat raw meat.
Your natural rate of healing is unusually fast.
You are covered in fur. (AC +1)
You have very tough skin. (AC +2)


Message History

Pikel is heavily wounded.
The slave hits you! The slave closely misses you.
Pikel drinks a potion.
Pikel is healed!
The slave hits you. The orc hits you with a flail.
You completely miss Pikel.
Pikel is moderately wounded.
The slave hits you!
* * * LOW HITPOINT WARNING * * *
The slave hits you.
* * * LOW HITPOINT WARNING * * *
You block Pikel's attack. The slave closely misses you.
You mangle Pikel!!
Pikel is almost dead.
The orc hits you with a flail!
* * * LOW HITPOINT WARNING * * *
You block the slave's attack. The slave barely misses you.
Pikel says, "You'll fetch a fair price!"
Pikel hits you with a whip of freezing.
* * * LOW HITPOINT WARNING * * *
Pikel freezes you.
You die...

#.....#.# #o#.#.....#$#
###.#..........
.............. #...#........
###### #...#........ .....# #
#...#po......
####.##.####....@Kp....(
............>...pp......
.....##.####...######...
.....##.......!..# # .....#
#..[......# ..# .....#
#.......#### ... ####
####.####.###.##...##.##...##
.......#......#.8.8.#.#.8.8.#
###..#.#......#.._..#.#.._..#


You could see Pikel, 4 slaves and an orc.

Vanquished Creatures
  An ice beast (D:5)
  An ogre (D:5)
  Blork the orc (D:4)
  A crimson imp (D:5)
  The ghost of reaverb the Caller, a weakling DESu of Kikubaaqudgha (D:3)
  3 orc priests
  A hound (D:5)
  5 orc wizards
  A bullfrog skeleton (D:6)
  3 iguanas
  3 worker ants
  A hound zombie (D:4)
  A hound skeleton (D:5)
  A worker ant zombie (D:5)
  7 adders
  An ooze (D:4)
  6 worms
  4 dart slugs
  5 leopard geckos
  22 orcs
  4 giant cockroaches
  9 goblins
  5 hobgoblins
  15 jackals
  2 quokkas
  3 bats
  11 frilled lizards
  5 kobolds
  9 rats
132 creatures vanquished.

Notes
Turn   | Place    | Note
-------+----------+-------------------------------------------
     0 | D:1      | CougarLife the Troll Monk began the quest for the Orb.
     0 | D:1      | Reached XP level 1. HP: 22/22 MP: 0/0
   201 | D:1      | Reached XP level 2. HP: 29/29 MP: 1/1
   675 | D:1      | Reached XP level 3. HP: 28/37 MP: 2/2
   948 | D:2      | Reached XP level 4. HP: 45/45 MP: 3/3
   997 | D:2      | Reached skill level 4 in Unarmed Combat
  1064 | D:2      | Found an ancient bone altar of Kikubaaqudgha.
  1990 | D:3      | Reached XP level 5. HP: 53/53 MP: 4/4
  1994 | D:3      | Found a sacrificial altar of Ru.
  2018 | D:3      | Reached skill level 5 in Unarmed Combat
  2213 | D:3      | Found a runed door.
  2214 | D:3      | Noticed reaverb's ghost (weakling DESu)
  2472 | D:3      | Killed reaverb's ghost
  2597 | D:4      | Reached skill level 6 in Unarmed Combat
  2603 | D:4      | Reached XP level 6. HP: 47/61 MP: 5/5
  2826 | D:4      | HP: 3/61 [orc priest/divine providence (12)]
  3009 | D:4      | Reached skill level 7 in Unarmed Combat
  3072 | D:4      | Noticed Blork the orc
  3079 | D:4      | Killed Blork the orc
  3280 | D:5      | Entered Level 5 of the Dungeon
  3306 | D:5      | Found Qugeapsy's Antique Armour Boutique.
  3362 | D:5      | Reached XP level 7. HP: 67/67 MP: 6/6
  3472 | D:5      | Found Ciemmeedghi's Antique Armour Shop.
  3476 | D:5      | Bought an embroidered robe for 88 gold pieces
  3497 | D:5      | Reached skill level 8 in Unarmed Combat
  3755 | D:5      | Found a staircase to the Ecumenical Temple.
  3791 | D:5      | Found a burning altar of Makhleb.
  3862 | Temple   | Entered the Ecumenical Temple
  4140 | D:6      | Reached XP level 8. HP: 79/79 MP: 7/7
  4147 | D:6      | Found a burning altar of Makhleb.
  4150 | D:6      | Found a blossoming altar of Fedhas.
  4153 | D:6      | Found a bloodstained altar of Trog.
  4156 | D:6      | Found a glowing silver altar of Zin.
  4173 | D:6      | Noticed Pikel
  4184 | D:6      | HP: 2/79 [Pikel/whip of freezing (6)]
  4184 | D:6      | Slain by Pikel

Vault maps used:
D:1:      dpeg_arrival_refuge
D:2:      kiku_gazebo_garden_becter, hangedman_decor_opposing
D:3:      nicolae_ru_awakened_eye, gammafunk_ghost_grave
D:4:      first_ration, uniq_blork_the_orc
D:5:      minmay_temple_entry_grid, serial_shops, nicolae_shop_trees,
          kennysheep_mini_moat, bloody_makhleb
D:6:      nicolae_overflow_crystal_walls, grunt_temple_overflow_cloverleaf,
          gammafunk_ghost_necromancy, uniq_pikel
Temple:   zaba_magenta_temple

Skill      XL: |  1  2  3  4  5  6  7 |
---------------+----------------------+-----
Dodging        | 3 |  3.0
Fighting       | 3 4 |  4.9
Unarmed Combat | 4 6 7 8 |  8.0
Stealth        | |  1.0

Action                   |  1- 3 |  4- 6 |  7- 9 || total
-------------------------+-------+-------+-------++-------
Melee: Unarmed           |    75 |   216 |    82 ||   373
       Punch             |       |     5 |     2 ||     7
Throw: Javelin           |       |       |     3 ||     3
  Use: Scroll            |       |     7 |     1 ||     8
       Potion            |       |     2 |       ||     2
 Stab: Sleeping          |     2 |     4 |       ||     6
  Eat: Chunk             |    14 |    22 |     8 ||    44
Armor: Robe              |    28 |    57 |    15 ||   100
Dodge: Dodged            |    39 |   106 |    33 ||   178
Block: Other             |       |     7 |     9 ||    16
       Reflection        |       |       |     2 ||     2

Table legend:
 A = Spawn XP
 B = Non-spawn XP
 C = Spawn XP percentage of total XP
 D = Spawn monster count
 E = Non-spawn monster count
 F = Spawn count percentage of total count
 G = Total turns spent on level
                    A         B        C        D         E        F      G
               +---------+---------+-------+---------+---------+-------+---------
         Total |       0 |    1430 |   0.0 |       0 |     132 |   0.0 |  4184
               +---------+---------+-------+---------+---------+-------+---------
           D:1 |       0 |      41 |   0.0 |       0 |      21 |   0.0 |   791
           D:2 |       0 |     109 |   0.0 |       0 |      36 |   0.0 |   866
           D:3 |       0 |     191 |   0.0 |       0 |      24 |   0.0 |   935
           D:4 |       0 |     389 |   0.0 |       0 |      25 |   0.0 |   688
           D:5 |       0 |     593 |   0.0 |       0 |      22 |   0.0 |   680
           D:6 |       0 |     107 |   0.0 |       0 |       4 |   0.0 |   141
               +---------+---------+-------+---------+---------+-------+---------
